[ AOE2 MATCH · #468450999 ]
Team RMByzantines vs Hindustanis
[ REPLAY ANALYSIS · EXTRACTED FROM THE RECORDED GAME ]
Feudal
14:30
Castle
22:47
Imperial
38:05
| APM avg | 16.3 |
| APM peak | 54 |
| eAPM avg | 11.2 |
| Villagers / military | 123 / 131 |
Focus
⚔️ 25.8% · 🌾 74.2%
Skirmisher ×101 · Spearman ×30
Feudal
16:32
Castle
23:47
Imperial
35:41
| APM avg | 16.5 |
| APM peak | 54 |
| eAPM avg | 11.0 |
| Villagers / military | 150 / 137 |
Focus
⚔️ 24.7% · 🌾 75.3%
Elephant Archer ×128 · Trade Cart ×30 · Bombard Cannon ×6 · Trebuchet (Packed) ×2 · Monk ×1
Feudal
13:23
Castle
24:14
Imperial
38:38
| APM avg | 22.7 |
| APM peak | 93 |
| eAPM avg | 13.3 |
| Villagers / military | 82 / 41 |
Focus
⚔️ 19.0% · 🌾 81.0%
War Wagon ×19 · Iron Pagoda ×12 · Bombard Cannon ×5 · Scorpion ×4 · Monk ×1
Feudal
13:45
Castle
20:32
Imperial
33:58
| APM avg | 20.1 |
| APM peak | 48 |
| eAPM avg | 14.9 |
| Villagers / military | 105 / 166 |
Focus
⚔️ 39.0% · 🌾 61.0%
Hand Cannoneer ×60 · Spearman ×46 · Scout Cavalry ×26 · Bombard Cannon ×24 · Trade Cart ×18 · Monk ×8
Feudal
11:35
Castle
19:17
Imperial
29:41
| APM avg | 18.4 |
| APM peak | 51 |
| eAPM avg | 10.5 |
| Villagers / military | 108 / 206 |
Focus
⚔️ 28.0% · 🌾 72.0%
Spearman ×188 · Bombard Cannon ×15 · Trade Cart ×10 · Trebuchet (Packed) ×2 · Monk ×1
Feudal
16:14
Castle
23:49
Imperial
41:03
| APM avg | 13.4 |
| APM peak | 34 |
| eAPM avg | 11.7 |
| Villagers / military | 163 / 183 |
Focus
⚔️ 40.9% · 🌾 59.1%
Militia ×51 · Scout Cavalry ×50 · Camel Scout ×48 · Ghulam ×24 · Spearman ×9 · Trebuchet (Packed) ×1
Feudal
14:15
Castle
33:21
Imperial
51:19
| APM avg | 15.3 |
| APM peak | 44 |
| eAPM avg | 11.6 |
| Villagers / military | 148 / 133 |
Focus
⚔️ 35.1% · 🌾 64.9%
Karambit Warrior ×115 · Spearman ×6 · Archer ×5 · Battering Ram ×5 · Trade Cart ×3 · Monk ×2
Feudal
13:08
Castle
22:13
Imperial
32:57
| APM avg | 15.0 |
| APM peak | 56 |
| eAPM avg | 11.4 |
| Villagers / military | 109 / 120 |
Focus
⚔️ 28.7% · 🌾 71.3%
War Elephant ×53 · Knight ×40 · Camel Scout ×27 · Trade Cart ×23
Match map
Resources at game start + every placement click. Thick line = wall · dashed box = detected house wall. 🟡 gold · ⚪ stone · 🟢 berries · 🔶 boar · ⭕ relic
Inputs per minute
— 喜多川海梦 - - Ruxs
Build order — 喜多川海梦
First 150 of 192 actions detected
| 0:11 | Build | House |
| 0:12 | Build | House |
| 0:13 | Build | House |
| 0:14 | Create | Villager (Male) ×4 |
| 1:43 | Create | Villager (Male) |
| 2:11 | Create | Villager (Male) |
| 2:11 | Create | Villager (Male) |
| 2:52 | Create | Villager (Male) |
| 2:52 | Create | Villager (Male) |
| 2:52 | Create | Villager (Male) |
| 3:43 | Build | Mill |
| 3:47 | Create | Villager (Male) |
| 4:09 | Build | Palisade Wall |
| 4:59 | Create | Villager (Male) |
| 5:00 | Create | Villager (Male) |
| 5:00 | Create | Villager (Male) |
| 5:52 | Create | Villager (Male) |
| 5:52 | Create | Villager (Male) |
| 6:27 | Create | Villager (Male) |
| 6:27 | Create | Villager (Male) |
| 6:28 | Create | Villager (Male) |
| 6:54 | Create | Villager (Male) |
| 6:55 | Create | Villager (Male) |
| 7:02 | Create | Villager (Male) |
| 7:26 | Build | Lumber Camp |
| 7:39 | Build | Palisade Gate |
| 8:15 | Build | Palisade Wall |
| 12:20 | Research | Feudal Age |
| 12:51 | Build | Barracks |
| 13:50 | Build | Mining Camp |
| 14:02 | Build | Farm |
| 14:02 | Build | Farm |
| 14:02 | Build | Farm |
| 14:02 | Build | Farm |
| 14:15 | Build | Farm |
| 14:15 | Build | Farm |
| 14:15 | Build | Farm |
| 14:16 | Build | Farm |
| 14:30 | Age | Feudal Age |
| 14:37 | Build | Stable |
| 15:04 | Build | Barracks |
| 15:10 | Create | Villager (Male) ×5 |
| 15:11 | Create | Villager (Male) ×5 |
| 15:47 | Build | Farm |
| 15:56 | Research | Double-Bit Axe |
| 16:17 | Build | House |
| 16:18 | Build | House |
| 16:19 | Build | House |
| 17:48 | Build | Blacksmith |
| 18:45 | Build | Stable |
| 19:08 | Build | Farm |
| 19:31 | Build | Mining Camp |
| 19:58 | Build | Farm |
| 20:07 | Research | Castle Age |
| 21:12 | Research | Forging |
| 21:24 | Create | Spearman ×5 |
| 21:24 | Create | Spearman ×5 |
| 21:24 | Create | Spearman ×5 |
| 21:40 | Build | House |
| 21:41 | Build | House |
| 21:42 | Build | House |
| 21:43 | Build | House |
| 21:43 | Build | House |
| 21:44 | Build | House |
| 21:45 | Build | House |
| 21:46 | Build | House |
| 22:01 | Build | House |
| 22:02 | Build | House |
| 22:03 | Build | House |
| 22:03 | Build | House |
| 22:03 | Build | House |
| 22:03 | Build | House |
| 22:03 | Build | House |
| 22:04 | Build | House |
| 22:04 | Build | House |
| 22:47 | Age | Castle Age |
| 23:24 | Create | Villager (Male) |
| 23:25 | Create | Villager (Male) |
| 23:25 | Create | Villager (Male) |
| 23:26 | Create | Villager (Male) |
| 23:47 | Research | Pikeman (upgrade) |
| 24:26 | Research | Forging |
| 24:38 | Research | Horse Collar |
| 25:59 | Build | Town Center |
| 26:19 | Create | Villager (Male) |
| 26:19 | Create | Villager (Male) |
| 26:19 | Create | Villager (Male) |
| 26:29 | Research | Iron Casting |
| 26:55 | Build | Mining Camp |
| 27:46 | Build | Market |
| 27:54 | Research | Stone Mining |
| 28:08 | Research | Scale Mail Armor |
| 28:13 | Research | Wheelbarrow |
| 28:14 | Create | Villager (Male) |
| 28:14 | Create | Villager (Male) |
| 28:14 | Create | Villager (Male) |
| 28:15 | Create | Villager (Male) |
| 28:15 | Create | Villager (Male) |
| 28:57 | Create | Villager (Male) |
| 28:57 | Create | Villager (Male) |
| 28:57 | Create | Villager (Male) |
| 28:57 | Create | Villager (Male) |
| 30:08 | Build | Lumber Camp |
| 31:11 | Build | Castle |
| 31:53 | Build | Monastery |
| 32:01 | Build | University |
| 32:09 | Create | Villager (Male) |
| 32:09 | Create | Villager (Male) |
| 33:13 | Build | Lumber Camp |
| 34:42 | Build | Farm |
| 34:44 | Build | Farm |
| 34:53 | Create | Villager (Male) |
| 34:54 | Research | Imperial Age |
| 35:00 | Create | Villager (Male) |
| 35:00 | Create | Villager (Male) |
| 35:00 | Create | Villager (Male) |
| 35:01 | Create | Villager (Male) |
| 35:01 | Create | Villager (Male) |
| 35:01 | Create | Villager (Male) |
| 35:01 | Create | Villager (Male) |
| 35:02 | Create | Villager (Male) |
| 35:06 | Build | Farm |
| 35:07 | Build | Farm |
| 35:51 | Research | Stone Shaft Mining |
| 35:56 | Research | Gold Mining |
| 36:05 | Research | Bow Saw |
| 36:35 | Create | Villager (Male) ×2 |
| 37:51 | Build | Archery Range |
| 37:52 | Build | Archery Range |
| 37:54 | Build | Archery Range |
| 38:05 | Age | Imperial Age |
| 38:16 | Research | Hand Cart |
| 38:17 | Create | Villager (Male) ×2 |
| 38:17 | Create | Villager (Male) ×2 |
| 38:27 | Build | Farm |
| 38:28 | Build | Farm |
| 39:22 | Create | Villager (Male) ×5 |
| 39:22 | Create | Villager (Male) ×5 |
| 39:49 | Build | Mill |
| 39:54 | Build | Farm |
| 39:56 | Build | Farm |
| 39:57 | Build | Farm |
| 39:58 | Build | Farm |
| 40:03 | Build | Farm |
| 40:18 | Research | Elite Skirmisher (upgrade) |
| 40:20 | Create | Skirmisher ×5 |
| 40:20 | Create | Skirmisher ×5 |
| 40:20 | Create | Skirmisher ×5 |
| 40:21 | Create | Skirmisher ×5 |
| 40:21 | Create | Skirmisher ×3 |
Build order — Ruxs
First 150 of 282 actions detected
| 0:04 | Build | House |
| 0:07 | Build | House |
| 0:19 | Create | Villager (Male) ×4 |
| 0:19 | Create | Villager (Male) ×4 |
| 1:39 | Create | Villager (Male) |
| 1:39 | Research | Loom |
| 2:07 | Create | Villager (Male) |
| 2:32 | Create | Villager (Male) |
| 3:37 | Create | Villager (Male) |
| 4:00 | Build | House |
| 4:01 | Build | House |
| 4:05 | Create | Villager (Male) |
| 4:11 | Create | Villager (Male) |
| 5:07 | Build | Mill |
| 5:18 | Create | Villager (Male) |
| 5:18 | Create | Villager (Male) |
| 5:18 | Create | Villager (Male) |
| 5:18 | Create | Villager (Male) |
| 5:19 | Create | Villager (Male) |
| 5:52 | Create | Villager (Male) |
| 7:47 | Create | Villager (Male) ×4 |
| 7:47 | Create | Villager (Male) ×5 |
| 7:47 | Create | Villager (Male) |
| 7:50 | Build | Mill |
| 9:07 | Build | House |
| 9:08 | Build | House |
| 9:09 | Build | House |
| 9:18 | Build | Lumber Camp |
| 9:28 | Create | Villager (Male) ×2 |
| 9:28 | Create | Villager (Male) ×2 |
| 9:29 | Create | Villager (Male) |
| 9:30 | Create | Villager (Male) |
| 10:07 | Build | Mill |
| 10:09 | Create | Villager (Male) ×5 |
| 10:11 | Create | Villager (Male) ×2 |
| 13:30 | Create | Villager (Male) |
| 14:22 | Research | Feudal Age |
| 14:29 | Build | Mining Camp |
| 14:34 | Create | Villager (Male) |
| 14:34 | Create | Villager (Male) |
| 15:17 | Build | Barracks |
| 15:19 | Build | House |
| 15:20 | Build | House |
| 15:21 | Build | House |
| 15:23 | Build | House |
| 15:24 | Build | House |
| 15:25 | Build | House |
| 15:26 | Build | House |
| 15:28 | Build | House |
| 15:29 | Build | House |
| 15:30 | Build | House |
| 15:43 | Create | Villager (Male) ×4 |
| 15:43 | Create | Villager (Male) ×4 |
| 15:46 | Create | Villager (Male) |
| 15:46 | Create | Villager (Male) |
| 15:48 | Create | Villager (Male) |
| 15:48 | Create | Villager (Male) |
| 16:10 | Create | Villager (Male) |
| 16:11 | Create | Villager (Male) |
| 16:32 | Age | Feudal Age |
| 16:36 | Build | Blacksmith |
| 16:42 | Build | Market |
| 16:46 | Research | Horse Collar |
| 16:50 | Research | Double-Bit Axe |
| 16:54 | Create | Villager (Male) |
| 16:54 | Create | Villager (Male) |
| 17:21 | Build | Farm |
| 17:21 | Build | Farm |
| 17:21 | Build | Farm |
| 17:21 | Build | Farm |
| 17:41 | Create | Villager (Male) |
| 17:56 | Build | Farm |
| 18:00 | Build | Farm |
| 18:02 | Build | Farm |
| 18:12 | Build | Farm |
| 18:33 | Build | Farm |
| 18:54 | Build | Farm |
| 19:15 | Build | Farm |
| 19:27 | Build | Farm |
| 19:57 | Build | Lumber Camp |
| 20:01 | Research | Castle Age |
| 20:07 | Create | Villager (Male) ×4 |
| 20:22 | Build | Farm |
| 20:43 | Build | Farm |
| 21:16 | Build | Farm |
| 21:24 | Build | Farm |
| 21:33 | Build | Farm |
| 21:39 | Build | Market |
| 22:05 | Create | Villager (Male) ×5 |
| 22:12 | Research | Wheelbarrow |
| 22:50 | Build | Building 796 |
| 22:52 | Build | Building 796 |
| 22:54 | Build | Building 796 |
| 22:57 | Build | Building 796 |
| 23:00 | Build | Palisade Wall |
| 23:10 | Research | Gold Mining |
| 23:12 | Research | Forging |
| 23:14 | Research | Fletching |
| 23:15 | Research | Padded Archer Armor |
| 23:47 | Age | Castle Age |
| 23:50 | Research | Heavy Plow |
| 24:00 | Create | Villager (Male) |
| 24:00 | Create | Villager (Male) |
| 24:01 | Create | Villager (Male) |
| 24:01 | Create | Villager (Male) |
| 24:16 | Build | Farm |
| 24:30 | Create | Villager (Male) |
| 24:30 | Create | Villager (Male) |
| 24:31 | Create | Villager (Male) |
| 24:44 | Build | Farm |
| 24:46 | Research | Bow Saw |
| 25:08 | Build | Farm |
| 25:30 | Build | Town Center |
| 25:37 | Build | Farm |
| 25:41 | Build | Town Center |
| 25:56 | Build | Farm |
| 26:22 | Build | Farm |
| 26:37 | Create | Villager (Male) ×5 |
| 26:38 | Create | Villager (Male) ×5 |
| 26:41 | Create | Villager (Male) ×3 |
| 26:41 | Create | Villager (Male) ×3 |
| 26:42 | Create | Villager (Male) |
| 26:42 | Create | Villager (Male) |
| 26:48 | Build | Farm |
| 26:53 | Create | Villager (Male) |
| 26:53 | Create | Villager (Male) |
| 27:13 | Build | Farm |
| 27:39 | Build | Farm |
| 27:42 | Research | Leather Archer Armor |
| 27:49 | Build | University |
| 27:54 | Build | Monastery |
| 27:57 | Create | Villager (Male) ×5 |
| 28:04 | Create | Villager (Male) |
| 28:05 | Create | Villager (Male) |
| 28:05 | Create | Villager (Male) |
| 28:05 | Create | Villager (Male) |
| 28:14 | Create | Villager (Male) |
| 28:21 | Build | Archery Range |
| 28:29 | Create | Monk |
| 29:16 | Build | Farm |
| 29:17 | Create | Villager (Male) ×5 |
| 29:19 | Create | Villager (Male) |
| 29:19 | Create | Villager (Male) |
| 29:19 | Create | Villager (Male) |
| 29:19 | Create | Villager (Male) |
| 29:28 | Research | Town Watch |
| 29:54 | Build | Archery Range |
| 29:56 | Build | Archery Range |
| 29:57 | Build | Archery Range |
| 29:59 | Build | Archery Range |
Build order — Tsukitech
First 150 of 176 actions detected
| 0:08 | Build | House |
| 0:15 | Build | House |
| 0:33 | Create | Villager (Male) |
| 0:33 | Create | Villager (Male) |
| 1:29 | Create | Villager (Male) |
| 1:30 | Create | Villager (Male) |
| 2:38 | Create | Villager (Male) |
| 3:31 | Build | Palisade Wall |
| 3:37 | Build | Palisade Wall |
| 3:41 | Create | Villager (Male) |
| 3:41 | Create | Villager (Male) |
| 4:11 | Create | Villager (Male) |
| 4:59 | Create | Villager (Male) |
| 5:00 | Create | Villager (Male) |
| 5:19 | Build | Mining Camp |
| 5:25 | Create | Villager (Male) |
| 5:52 | Create | Villager (Male) |
| 6:11 | Create | Villager (Male) |
| 7:19 | Create | Villager (Male) |
| 7:19 | Create | Villager (Male) |
| 7:42 | Create | Villager (Male) |
| 8:34 | Build | House |
| 9:25 | Create | Villager (Male) |
| 10:30 | Build | Mill |
| 10:32 | Create | Villager (Male) |
| 10:32 | Create | Villager (Male) |
| 10:57 | Build | Farm |
| 10:58 | Build | Farm |
| 11:04 | Create | Villager (Male) |
| 11:13 | Research | Feudal Age |
| 11:45 | Build | Lumber Camp |
| 12:26 | Create | Villager (Male) |
| 13:00 | Build | House |
| 13:09 | Create | Villager (Male) |
| 13:23 | Age | Feudal Age |
| 13:39 | Build | House |
| 13:52 | Create | Villager (Male) |
| 14:01 | Research | Double-Bit Axe |
| 14:04 | Research | Horse Collar |
| 14:19 | Build | House |
| 14:53 | Create | Villager (Male) |
| 15:14 | Create | Villager (Male) |
| 15:23 | Build | Farm |
| 15:31 | Create | Villager (Male) |
| 15:48 | Build | Farm |
| 16:07 | Create | Villager (Male) |
| 16:12 | Build | Farm |
| 16:25 | Build | Blacksmith |
| 16:49 | Build | Farm |
| 16:51 | Create | Villager (Male) |
| 16:52 | Create | Villager (Male) |
| 17:07 | Build | Market |
| 17:21 | Build | Farm |
| 17:22 | Create | Villager (Male) |
| 18:04 | Build | Farm |
| 18:16 | Build | Farm |
| 18:18 | Create | Villager (Male) |
| 18:58 | Create | Villager (Male) |
| 18:59 | Create | Villager (Male) |
| 19:07 | Build | Farm |
| 19:24 | Build | Mining Camp |
| 19:30 | Create | Villager (Male) |
| 19:39 | Build | Farm |
| 19:50 | Research | Stone Mining |
| 19:53 | Research | Gold Mining |
| 19:56 | Create | Villager (Male) |
| 20:31 | Build | Farm |
| 21:10 | Build | Farm |
| 21:34 | Research | Castle Age |
| 22:33 | Research | Fletching |
| 24:14 | Age | Castle Age |
| 24:18 | Build | Castle |
| 24:23 | Create | Villager (Male) |
| 24:24 | Create | Villager (Male) |
| 24:34 | Build | Town Center |
| 24:43 | Research | Bodkin Arrow |
| 25:45 | Build | Siege Workshop |
| 25:49 | Create | War Wagon |
| 25:49 | Create | War Wagon |
| 25:50 | Create | War Wagon |
| 25:50 | Create | War Wagon |
| 25:52 | Create | War Wagon |
| 25:57 | Create | Villager (Male) |
| 25:58 | Create | Villager (Male) |
| 25:58 | Create | Villager (Male) |
| 25:59 | Create | Villager (Male) |
| 26:00 | Create | Villager (Male) |
| 26:00 | Create | Villager (Male) |
| 26:01 | Create | Villager (Male) |
| 26:01 | Create | Villager (Male) |
| 26:01 | Create | Villager (Male) |
| 26:02 | Create | Villager (Male) |
| 26:02 | Create | Villager (Male) |
| 26:02 | Create | Villager (Male) |
| 26:02 | Create | Villager (Male) |
| 26:03 | Create | Villager (Male) |
| 26:08 | Create | Villager (Male) |
| 26:26 | Build | Siege Workshop |
| 27:14 | Build | Monastery |
| 27:22 | Create | Villager (Male) |
| 27:27 | Research | Heavy Plow |
| 28:01 | Build | Castle |
| 28:16 | Create | Iron Pagoda |
| 28:38 | Research | Bow Saw |
| 29:24 | Create | Monk |
| 29:49 | Build | Stone Wall |
| 30:06 | Build | Stone Wall |
| 30:27 | Build | Stone Wall |
| 30:35 | Create | Iron Pagoda ×2 |
| 30:43 | Create | Villager (Male) |
| 30:43 | Create | Villager (Male) |
| 30:44 | Create | Villager (Male) |
| 30:44 | Create | Villager (Male) |
| 30:46 | Create | Villager (Male) |
| 30:52 | Create | Villager (Male) |
| 30:52 | Create | Villager (Male) |
| 30:52 | Create | Villager (Male) |
| 30:53 | Create | Villager (Male) |
| 30:53 | Create | Villager (Male) |
| 30:56 | Create | Villager (Male) |
| 30:57 | Create | Villager (Male) |
| 30:57 | Create | Villager (Male) |
| 30:57 | Create | Villager (Male) |
| 30:58 | Create | Villager (Male) |
| 31:56 | Build | Building 487 |
| 32:18 | Build | Building 490 |
| 32:22 | Create | Iron Pagoda ×3 |
| 32:52 | Build | University |
| 33:09 | Build | Mining Camp |
| 33:31 | Create | Scorpion ×4 |
| 33:50 | Research | Gold Shaft Mining |
| 34:22 | Build | Mining Camp |
| 34:44 | Build | House |
| 34:45 | Build | House |
| 34:46 | Build | House |
| 34:47 | Build | House |
| 34:49 | Build | House |
| 34:52 | Build | House |
| 35:28 | Research | Imperial Age |
| 35:30 | Research | Ballistics |
| 35:32 | Research | Fortified Wall (upgrade) |
| 37:19 | Build | Stone Wall |
| 37:25 | Create | War Wagon ×5 |
| 37:26 | Create | War Wagon ×5 |
| 38:38 | Age | Imperial Age |
| 38:51 | Research | Tech 980 |
| 38:56 | Research | Chemistry |
| 39:00 | Research | Murder Holes |
| 39:04 | Research | Arrowslits |
| 39:19 | Create | Villager (Male) |
Build order — Maudi
First 150 of 462 actions detected
| 0:03 | Create | Villager (Male) |
| 0:03 | Research | Loom |
| 0:04 | Create | Villager (Male) |
| 0:04 | Create | Villager (Male) |
| 0:04 | Create | Villager (Male) |
| 0:04 | Create | Villager (Male) |
| 0:04 | Create | Villager (Male) |
| 0:14 | Build | House |
| 0:14 | Build | House |
| 0:18 | Build | House |
| 1:48 | Create | Villager (Male) |
| 2:57 | Create | Villager (Male) |
| 2:57 | Create | Villager (Male) |
| 2:57 | Create | Villager (Male) |
| 2:58 | Create | Villager (Male) |
| 3:57 | Create | Villager (Male) |
| 3:57 | Create | Villager (Male) |
| 3:58 | Create | Villager (Male) |
| 5:07 | Create | Villager (Male) |
| 5:07 | Create | Villager (Male) |
| 5:08 | Create | Villager (Male) |
| 5:08 | Create | Villager (Male) |
| 5:08 | Create | Villager (Male) |
| 6:24 | Create | Villager (Male) |
| 6:24 | Create | Villager (Male) |
| 6:24 | Create | Villager (Male) |
| 6:24 | Create | Villager (Male) |
| 7:43 | Create | Villager (Male) |
| 7:43 | Create | Villager (Male) |
| 7:48 | Build | House |
| 7:53 | Build | House |
| 8:42 | Build | Mill |
| 9:30 | Create | Villager (Male) |
| 9:30 | Create | Villager (Male) |
| 9:30 | Create | Villager (Male) |
| 9:30 | Create | Villager (Male) |
| 9:30 | Create | Villager (Male) |
| 10:04 | Build | House |
| 10:05 | Build | House |
| 10:54 | Build | Lumber Camp |
| 11:25 | Research | Feudal Age |
| 12:34 | Build | House |
| 12:35 | Build | House |
| 12:41 | Build | Mining Camp |
| 13:33 | Create | Villager (Male) |
| 13:33 | Create | Villager (Male) |
| 13:45 | Age | Feudal Age |
| 13:50 | Research | Double-Bit Axe |
| 13:53 | Research | Horse Collar |
| 13:55 | Create | Villager (Male) |
| 14:49 | Build | Farm |
| 14:50 | Build | Farm |
| 14:52 | Create | Villager (Male) |
| 14:52 | Create | Villager (Male) |
| 15:01 | Build | Lumber Camp |
| 15:10 | Build | Market |
| 15:20 | Build | Blacksmith |
| 15:22 | Build | House |
| 15:22 | Build | House |
| 16:24 | Build | Farm |
| 16:25 | Build | Farm |
| 16:27 | Create | Villager (Male) |
| 16:27 | Create | Villager (Male) |
| 16:33 | Build | Barracks |
| 16:41 | Build | Farm |
| 16:42 | Build | Farm |
| 16:43 | Build | Farm |
| 16:44 | Build | Farm |
| 16:45 | Build | Farm |
| 16:52 | Build | Farm |
| 16:53 | Build | Farm |
| 17:35 | Build | House |
| 17:36 | Build | House |
| 17:37 | Build | House |
| 17:39 | Build | House |
| 17:39 | Build | House |
| 17:42 | Build | House |
| 17:42 | Build | House |
| 17:43 | Build | House |
| 17:52 | Research | Castle Age |
| 18:04 | Build | Mining Camp |
| 18:16 | Build | Archery Range |
| 18:22 | Build | Archery Range |
| 18:41 | Build | Stone Wall |
| 18:45 | Build | Building 673 |
| 18:57 | Build | Building 673 |
| 19:00 | Build | Building 673 |
| 19:06 | Create | Villager (Male) |
| 19:58 | Build | Stone Wall |
| 20:04 | Build | Building 665 |
| 20:32 | Age | Castle Age |
| 20:59 | Create | Villager (Male) |
| 20:59 | Create | Villager (Male) |
| 21:06 | Build | Town Center |
| 21:10 | Research | Town Watch |
| 21:11 | Research | Wheelbarrow |
| 21:51 | Build | Farm |
| 22:03 | Build | House |
| 22:05 | Build | House |
| 22:08 | Build | House |
| 22:09 | Build | House |
| 22:18 | Create | Trade Cart |
| 22:19 | Create | Trade Cart |
| 22:19 | Create | Trade Cart |
| 22:19 | Create | Trade Cart |
| 22:19 | Create | Trade Cart |
| 22:27 | Research | Heavy Plow |
| 22:46 | Create | Villager (Male) |
| 22:47 | Create | Villager (Male) |
| 22:47 | Create | Villager (Male) |
| 22:47 | Create | Villager (Male) |
| 22:47 | Create | Villager (Male) |
| 23:09 | Build | Monastery |
| 23:29 | Create | Villager (Male) |
| 23:29 | Create | Villager (Male) |
| 24:02 | Build | Town Center |
| 24:05 | Create | Monk |
| 24:07 | Research | Fervor |
| 24:16 | Create | Villager (Male) |
| 24:23 | Build | House |
| 24:24 | Build | House |
| 24:25 | Build | House |
| 24:25 | Build | House |
| 24:34 | Build | Archery Range |
| 24:51 | Create | Villager (Male) |
| 24:51 | Create | Villager (Male) |
| 24:51 | Create | Villager (Male) |
| 24:51 | Create | Villager (Male) |
| 24:52 | Create | Villager (Male) |
| 24:52 | Create | Villager (Male) |
| 24:52 | Create | Villager (Male) |
| 24:56 | Create | Villager (Male) |
| 24:56 | Create | Villager (Male) |
| 24:56 | Create | Villager (Male) |
| 24:57 | Create | Villager (Male) |
| 25:10 | Build | Farm |
| 25:11 | Build | Farm |
| 25:15 | Research | Bow Saw |
| 25:38 | Build | Mining Camp |
| 25:53 | Build | Farm |
| 25:54 | Build | Farm |
| 25:56 | Build | Farm |
| 26:06 | Build | Farm |
| 26:07 | Build | Farm |
| 26:13 | Build | Farm |
| 26:14 | Build | Farm |
| 26:17 | Build | Farm |
| 26:19 | Build | Farm |
| 26:21 | Create | Villager (Male) |
| 26:21 | Create | Villager (Male) |
Build order — 家恒
First 150 of 317 actions detected
| 0:06 | Build | House |
| 0:07 | Build | House |
| 0:08 | Build | House |
| 0:10 | Create | Villager (Male) |
| 0:10 | Create | Villager (Male) |
| 0:10 | Create | Villager (Male) |
| 0:11 | Create | Villager (Male) |
| 2:05 | Create | Villager (Male) |
| 2:05 | Create | Villager (Male) |
| 2:40 | Create | Villager (Male) |
| 2:40 | Create | Villager (Male) |
| 3:30 | Create | Villager (Male) |
| 3:43 | Create | Villager (Male) |
| 3:51 | Build | Lumber Camp |
| 4:07 | Create | Villager (Male) |
| 4:25 | Create | Villager (Male) |
| 5:14 | Create | Villager (Male) |
| 5:23 | Build | Mill |
| 5:53 | Create | Villager (Male) |
| 5:54 | Create | Villager (Male) |
| 6:10 | Create | Villager (Male) |
| 6:27 | Create | Villager (Male) |
| 7:41 | Create | Villager (Male) |
| 7:49 | Build | House |
| 8:15 | Create | Villager (Male) |
| 8:18 | Create | Villager (Male) |
| 8:22 | Build | House |
| 8:24 | Build | House |
| 9:25 | Research | Feudal Age |
| 10:08 | Build | Barracks |
| 11:20 | Build | Mining Camp |
| 11:32 | Build | Farm |
| 11:32 | Build | Farm |
| 11:32 | Build | Farm |
| 11:32 | Build | Farm |
| 11:32 | Build | Farm |
| 11:33 | Build | Farm |
| 11:35 | Age | Feudal Age |
| 11:40 | Create | Villager (Male) |
| 11:41 | Create | Villager (Male) |
| 11:47 | Research | Double-Bit Axe |
| 11:49 | Research | Horse Collar |
| 11:57 | Build | Blacksmith |
| 12:03 | Create | Villager (Male) |
| 12:50 | Create | Villager (Male) |
| 13:04 | Build | Market |
| 13:08 | Build | Market |
| 13:23 | Create | Villager (Male) |
| 14:00 | Create | Villager (Male) |
| 14:12 | Create | Villager (Male) |
| 14:19 | Build | House |
| 14:21 | Build | House |
| 14:22 | Build | House |
| 14:23 | Build | House |
| 14:29 | Build | Farm |
| 14:29 | Build | Farm |
| 14:34 | Build | Farm |
| 14:40 | Create | Villager (Male) |
| 14:51 | Build | Farm |
| 15:27 | Create | Villager (Male) |
| 15:51 | Create | Villager (Male) |
| 16:04 | Build | Farm |
| 16:05 | Build | Farm |
| 16:05 | Build | Farm |
| 16:06 | Build | Farm |
| 16:37 | Research | Castle Age |
| 16:38 | Research | Castle Age |
| 16:55 | Build | Mining Camp |
| 17:05 | Build | Farm |
| 19:17 | Age | Castle Age |
| 19:20 | Build | Town Center |
| 19:26 | Build | Town Center |
| 19:30 | Create | Villager (Male) |
| 19:31 | Create | Villager (Male) |
| 19:31 | Create | Villager (Male) |
| 19:34 | Create | Villager (Male) |
| 20:56 | Create | Villager (Male) |
| 20:59 | Create | Villager (Male) |
| 20:59 | Create | Villager (Male) |
| 21:00 | Create | Villager (Male) |
| 21:11 | Create | Villager (Male) |
| 21:11 | Create | Villager (Male) |
| 21:14 | Create | Villager (Male) |
| 21:52 | Build | Mining Camp |
| 21:56 | Create | Villager (Male) |
| 22:04 | Build | University |
| 22:11 | Create | Villager (Male) |
| 22:11 | Create | Villager (Male) |
| 22:13 | Create | Villager (Male) |
| 22:14 | Create | Villager (Male) |
| 22:16 | Create | Villager (Male) |
| 22:55 | Build | Siege Workshop |
| 23:00 | Create | Villager (Male) |
| 23:01 | Create | Villager (Male) |
| 23:03 | Create | Villager (Male) |
| 23:27 | Build | Castle |
| 23:33 | Research | Treadmill Crane |
| 23:41 | Build | House |
| 23:43 | Build | House |
| 23:44 | Build | House |
| 23:44 | Build | House |
| 23:46 | Build | House |
| 23:47 | Build | House |
| 23:50 | Create | Villager (Male) |
| 23:51 | Create | Villager (Male) |
| 23:51 | Create | Villager (Male) |
| 23:51 | Create | Villager (Male) |
| 23:51 | Create | Villager (Male) |
| 23:53 | Create | Villager (Male) |
| 23:57 | Build | Farm |
| 24:01 | Create | Villager (Male) |
| 24:03 | Create | Villager (Male) |
| 24:32 | Build | House |
| 24:39 | Build | Farm |
| 24:49 | Create | Villager (Male) |
| 24:50 | Create | Villager (Male) |
| 24:51 | Create | Villager (Male) |
| 24:52 | Create | Villager (Male) |
| 25:10 | Build | Stable |
| 25:18 | Create | Villager (Male) |
| 25:18 | Create | Villager (Male) |
| 25:19 | Create | Villager (Male) |
| 25:36 | Build | Monastery |
| 25:40 | Create | Villager (Male) |
| 25:45 | Build | Farm |
| 25:45 | Build | Farm |
| 26:08 | Create | Villager (Male) |
| 26:09 | Create | Villager (Male) |
| 26:10 | Create | Villager (Male) |
| 26:31 | Research | Imperial Age |
| 26:36 | Create | Monk |
| 26:47 | Build | Market |
| 26:58 | Build | Barracks |
| 27:00 | Build | Barracks |
| 27:02 | Build | Barracks |
| 27:05 | Create | Villager (Male) |
| 27:08 | Research | Heavy Plow |
| 28:07 | Research | Forging |
| 28:09 | Research | Scale Mail Armor |
| 28:15 | Create | Spearman |
| 28:15 | Create | Spearman |
| 28:16 | Create | Spearman |
| 28:17 | Create | Spearman |
| 28:54 | Build | Siege Workshop |
| 28:57 | Build | Mining Camp |
| 29:00 | Research | Pikeman (upgrade) |
| 29:05 | Research | Pikeman (upgrade) |
| 29:07 | Research | Squires |
| 29:07 | Research | Arson |
| 29:23 | Build | Farm |
Build order — dddddeano
First 150 of 444 actions detected
| 0:11 | Research | Loom |
| 0:12 | Create | Villager (Male) |
| 0:16 | Research | Loom |
| 0:18 | Create | Villager (Male) ×3 |
| 0:18 | Create | Villager (Male) ×3 |
| 0:26 | Build | House |
| 1:25 | Build | Palisade Wall |
| 1:43 | Build | Palisade Wall |
| 2:23 | Build | Lumber Camp |
| 2:48 | Build | Palisade Gate |
| 3:04 | Create | Villager (Male) |
| 3:04 | Create | Villager (Male) |
| 3:42 | Create | Villager (Male) |
| 3:42 | Create | Villager (Male) |
| 4:08 | Create | Villager (Male) |
| 4:08 | Create | Villager (Male) |
| 4:18 | Build | House |
| 6:23 | Create | Villager (Male) |
| 6:23 | Create | Villager (Male) |
| 6:23 | Create | Villager (Male) |
| 6:24 | Create | Villager (Male) |
| 6:24 | Create | Villager (Male) |
| 7:18 | Build | House |
| 7:40 | Create | Villager (Male) |
| 7:40 | Create | Villager (Male) |
| 8:19 | Build | Mill |
| 9:14 | Create | Villager (Male) |
| 9:14 | Create | Villager (Male) |
| 9:14 | Create | Villager (Male) |
| 9:14 | Create | Villager (Male) |
| 9:15 | Create | Villager (Male) |
| 9:15 | Create | Villager (Male) |
| 9:15 | Create | Villager (Male) |
| 9:16 | Create | Villager (Male) |
| 11:30 | Create | Villager (Male) |
| 11:30 | Create | Villager (Male) |
| 11:30 | Create | Villager (Male) |
| 11:34 | Build | House |
| 12:23 | Create | Villager (Male) |
| 12:25 | Research | Feudal Age |
| 14:05 | Build | Mining Camp |
| 15:40 | Build | House |
| 15:43 | Build | House |
| 15:44 | Build | House |
| 16:14 | Age | Feudal Age |
| 16:20 | Research | Wheelbarrow |
| 16:25 | Research | Horse Collar |
| 16:31 | Research | Double-Bit Axe |
| 17:50 | Create | Villager (Male) |
| 17:52 | Create | Villager (Male) |
| 17:52 | Create | Villager (Male) |
| 18:44 | Build | Lumber Camp |
| 18:59 | Create | Villager (Male) |
| 19:11 | Build | Barracks |
| 19:40 | Build | Blacksmith |
| 19:54 | Create | Villager (Male) |
| 19:55 | Create | Villager (Male) |
| 19:56 | Create | Villager (Male) |
| 20:13 | Build | Stable |
| 20:35 | Build | Watch Tower |
| 20:49 | Build | Barracks |
| 21:07 | Research | Castle Age |
| 21:21 | Build | Mining Camp |
| 22:12 | Build | Market |
| 22:35 | Create | Militia |
| 22:35 | Create | Militia |
| 22:35 | Create | Militia |
| 22:36 | Create | Militia |
| 22:36 | Create | Militia |
| 22:36 | Create | Militia |
| 22:37 | Create | Militia |
| 22:37 | Create | Militia |
| 23:18 | Build | Farm |
| 23:18 | Build | Farm |
| 23:18 | Build | Farm |
| 23:19 | Build | Farm |
| 23:19 | Build | Farm |
| 23:19 | Build | Farm |
| 23:19 | Build | Farm |
| 23:21 | Build | Farm |
| 23:49 | Age | Castle Age |
| 24:13 | Build | Lumber Camp |
| 25:10 | Create | Villager (Male) |
| 25:10 | Create | Villager (Male) |
| 25:11 | Create | Villager (Male) |
| 25:11 | Create | Villager (Male) |
| 25:29 | Build | Town Center |
| 25:47 | Build | House |
| 25:48 | Build | House |
| 25:50 | Build | House |
| 25:52 | Build | House |
| 25:53 | Build | House |
| 25:54 | Build | House |
| 25:57 | Build | House |
| 26:04 | Create | Villager (Male) |
| 26:04 | Create | Villager (Male) |
| 26:04 | Create | Villager (Male) |
| 26:05 | Create | Villager (Male) |
| 26:28 | Create | Villager (Male) |
| 26:28 | Create | Villager (Male) |
| 26:28 | Create | Villager (Male) |
| 26:54 | Build | Town Center |
| 27:04 | Create | Villager (Male) |
| 27:07 | Create | Villager (Male) |
| 27:08 | Create | Villager (Male) |
| 27:09 | Create | Villager (Male) |
| 27:54 | Research | Scale Mail Armor |
| 28:08 | Build | Farm |
| 28:08 | Build | Farm |
| 28:08 | Build | Farm |
| 28:21 | Build | Farm |
| 28:28 | Create | Villager (Male) |
| 28:28 | Create | Villager (Male) |
| 28:28 | Create | Villager (Male) |
| 28:29 | Create | Villager (Male) |
| 28:59 | Build | Town Center |
| 29:13 | Research | Gold Mining |
| 29:24 | Research | Heavy Plow |
| 30:16 | Research | Man-at-Arms (upgrade) |
| 30:17 | Research | Squires |
| 30:19 | Create | Villager (Male) |
| 30:19 | Create | Villager (Male) |
| 30:47 | Build | Farm |
| 30:48 | Build | Farm |
| 30:48 | Build | Farm |
| 30:48 | Build | Farm |
| 30:48 | Build | Farm |
| 30:49 | Build | Farm |
| 30:49 | Build | Farm |
| 30:49 | Build | Farm |
| 30:59 | Research | Husbandry |
| 31:06 | Create | Villager (Male) |
| 31:06 | Create | Villager (Male) |
| 31:07 | Create | Villager (Male) |
| 31:23 | Build | Farm |
| 31:24 | Build | Farm |
| 31:27 | Build | Farm |
| 31:27 | Build | Farm |
| 31:28 | Build | Farm |
| 31:29 | Build | Farm |
| 31:29 | Build | Farm |
| 31:29 | Build | Farm |
| 31:45 | Research | Long Swordsman (upgrade) |
| 31:47 | Create | Villager (Male) |
| 31:48 | Create | Villager (Male) |
| 32:00 | Research | Stone Mining |
| 32:19 | Build | Farm |
| 32:21 | Build | Farm |
| 32:33 | Research | Bow Saw |
| 32:52 | Create | Villager (Male) |
Build order — RonCuro
First 150 of 429 actions detected
| 0:08 | Build | House |
| 0:09 | Build | House |
| 0:10 | Build | House |
| 0:11 | Build | House |
| 0:15 | Create | Villager (Male) |
| 0:15 | Research | Loom |
| 0:15 | Create | Villager (Male) |
| 0:16 | Create | Villager (Male) |
| 0:16 | Create | Villager (Male) |
| 0:16 | Create | Villager (Male) |
| 3:46 | Create | Villager (Male) |
| 3:47 | Create | Villager (Male) |
| 3:47 | Create | Villager (Male) |
| 3:47 | Create | Villager (Male) |
| 3:47 | Create | Villager (Male) |
| 3:48 | Create | Villager (Male) |
| 4:37 | Create | Villager (Male) |
| 4:37 | Create | Villager (Male) |
| 4:37 | Create | Villager (Male) |
| 4:38 | Create | Villager (Male) |
| 4:42 | Build | Mill |
| 5:46 | Create | Villager (Male) |
| 5:46 | Create | Villager (Male) |
| 5:46 | Create | Villager (Male) |
| 6:09 | Create | Villager (Male) |
| 6:10 | Create | Villager (Male) |
| 6:28 | Create | Villager (Male) |
| 6:47 | Build | Lumber Camp |
| 6:52 | Create | Villager (Male) |
| 7:12 | Create | Villager (Male) |
| 7:12 | Create | Villager (Male) |
| 7:13 | Create | Villager (Male) |
| 7:47 | Create | Villager (Male) |
| 7:47 | Create | Villager (Male) |
| 7:47 | Create | Villager (Male) |
| 8:46 | Create | Villager (Male) |
| 8:46 | Create | Villager (Male) |
| 8:49 | Build | House |
| 8:50 | Build | House |
| 8:51 | Build | House |
| 8:52 | Build | House |
| 9:14 | Build | Farm |
| 9:24 | Create | Villager (Male) |
| 9:25 | Create | Villager (Male) |
| 9:25 | Create | Villager (Male) |
| 9:25 | Create | Villager (Male) |
| 9:25 | Create | Villager (Male) |
| 9:39 | Build | Farm |
| 9:47 | Create | Villager (Male) |
| 10:16 | Build | Mill |
| 10:20 | Create | Villager (Male) |
| 10:20 | Create | Villager (Male) |
| 10:20 | Create | Villager (Male) |
| 10:20 | Create | Villager (Male) |
| 10:41 | Build | Farm |
| 11:10 | Build | Lumber Camp |
| 11:17 | Create | Villager (Male) |
| 12:15 | Build | Mining Camp |
| 12:38 | Build | Mining Camp |
| 12:40 | Research | Feudal Age |
| 12:43 | Create | Villager (Male) |
| 12:43 | Create | Villager (Male) |
| 12:44 | Create | Villager (Male) |
| 12:44 | Create | Villager (Male) |
| 12:51 | Create | Villager (Male) |
| 12:51 | Create | Villager (Male) |
| 13:11 | Create | Villager (Male) |
| 13:11 | Create | Villager (Male) |
| 13:11 | Create | Villager (Male) |
| 13:32 | Build | Barracks |
| 13:39 | Create | Villager (Male) |
| 14:05 | Create | Villager (Male) |
| 14:05 | Create | Villager (Male) |
| 14:15 | Age | Feudal Age |
| 14:27 | Build | Farm |
| 14:34 | Create | Villager (Male) |
| 14:34 | Create | Villager (Male) |
| 14:34 | Create | Villager (Male) |
| 14:35 | Create | Villager (Male) |
| 14:35 | Create | Villager (Male) |
| 14:44 | Research | Double-Bit Axe |
| 14:47 | Research | Horse Collar |
| 15:00 | Research | Stone Mining |
| 15:08 | Build | Market |
| 15:32 | Research | Gold Mining |
| 15:44 | Build | Mining Camp |
| 16:12 | Create | Villager (Male) |
| 16:12 | Create | Villager (Male) |
| 16:13 | Create | Villager (Male) |
| 16:27 | Create | Trade Cart |
| 16:30 | Create | Trade Cart |
| 16:52 | Create | Villager (Male) |
| 16:52 | Create | Villager (Male) |
| 16:52 | Create | Villager (Male) |
| 16:53 | Create | Villager (Male) |
| 16:53 | Create | Villager (Male) |
| 16:53 | Create | Villager (Male) |
| 17:17 | Build | Lumber Camp |
| 17:31 | Create | Trade Cart |
| 17:49 | Create | Villager (Male) |
| 18:31 | Build | House |
| 18:32 | Build | House |
| 18:33 | Build | House |
| 18:34 | Build | House |
| 18:49 | Create | Villager (Male) |
| 18:49 | Create | Villager (Male) |
| 18:49 | Create | Villager (Male) |
| 18:49 | Create | Villager (Male) |
| 19:00 | Build | Farm |
| 19:21 | Build | Farm |
| 19:30 | Create | Villager (Male) |
| 19:31 | Create | Villager (Male) |
| 19:31 | Create | Villager (Male) |
| 19:47 | Build | Farm |
| 19:58 | Create | Villager (Male) |
| 19:59 | Create | Villager (Male) |
| 20:19 | Research | Man-at-Arms (upgrade) |
| 20:38 | Build | Blacksmith |
| 20:59 | Build | Archery Range |
| 21:04 | Build | Stable |
| 21:20 | Research | Wheelbarrow |
| 21:29 | Build | Farm |
| 21:48 | Build | House |
| 21:49 | Build | House |
| 21:50 | Build | House |
| 21:51 | Build | House |
| 21:52 | Build | House |
| 21:52 | Build | House |
| 21:59 | Research | Arson |
| 22:06 | Create | Archer |
| 22:06 | Create | Archer |
| 22:07 | Create | Archer |
| 22:07 | Create | Archer |
| 22:07 | Create | Archer |
| 23:12 | Create | Villager (Male) |
| 23:12 | Create | Villager (Male) |
| 23:12 | Create | Villager (Male) |
| 23:12 | Create | Villager (Male) |
| 23:12 | Create | Villager (Male) |
| 23:13 | Create | Villager (Male) |
| 23:27 | Build | Mining Camp |
| 23:35 | Create | Villager (Male) |
| 23:35 | Create | Villager (Male) |
| 23:36 | Create | Villager (Male) |
| 24:08 | Create | Villager (Male) |
| 24:08 | Create | Villager (Male) |
| 24:08 | Create | Villager (Male) |
| 24:30 | Create | Villager (Male) |
| 25:11 | Create | Villager (Male) |
| 25:39 | Research | Town Watch |
Build order — Radamle
First 150 of 389 actions detected
| 0:02 | Build | House |
| 0:05 | Build | House |
| 0:07 | Create | Villager (Male) |
| 0:07 | Create | Villager (Male) |
| 0:39 | Research | Loom |
| 0:39 | Create | Villager (Male) |
| 0:40 | Create | Villager (Male) |
| 1:25 | Build | Palisade Wall |
| 1:30 | Create | Villager (Male) |
| 2:35 | Create | Villager (Male) |
| 2:35 | Create | Villager (Male) |
| 3:46 | Create | Villager (Male) |
| 3:46 | Create | Villager (Male) |
| 4:17 | Build | Building 804 |
| 4:24 | Create | Villager (Male) |
| 4:47 | Build | Outpost |
| 4:56 | Build | Lumber Camp |
| 4:57 | Create | Villager (Male) |
| 4:58 | Create | Villager (Male) |
| 5:06 | Create | Villager (Male) |
| 5:52 | Build | House |
| 6:18 | Create | Villager (Male) |
| 7:06 | Create | Villager (Male) |
| 7:11 | Build | Mill |
| 7:13 | Create | Villager (Male) |
| 7:28 | Create | Villager (Male) |
| 7:39 | Build | House |
| 7:43 | Create | Villager (Male) |
| 8:22 | Create | Villager (Male) |
| 8:22 | Create | Villager (Male) |
| 8:39 | Create | Villager (Male) |
| 8:58 | Create | Villager (Male) |
| 9:15 | Create | Villager (Male) |
| 9:18 | Build | House |
| 9:26 | Create | Villager (Male) |
| 10:13 | Build | Farm |
| 10:17 | Build | Farm |
| 10:21 | Build | Farm |
| 10:31 | Build | Farm |
| 10:35 | Build | Farm |
| 10:38 | Build | Farm |
| 10:44 | Build | House |
| 11:05 | Research | Feudal Age |
| 11:24 | Build | Farm |
| 11:26 | Build | Farm |
| 11:29 | Build | Farm |
| 11:45 | Build | Farm |
| 11:46 | Create | Villager (Male) |
| 12:08 | Create | Villager (Male) |
| 12:30 | Build | House |
| 13:08 | Age | Feudal Age |
| 13:12 | Create | Villager (Male) |
| 13:46 | Build | Stone Wall |
| 13:48 | Create | Villager (Male) |
| 13:53 | Build | Farm |
| 13:57 | Build | Farm |
| 14:02 | Create | Villager (Male) |
| 14:41 | Create | Villager (Male) |
| 14:46 | Build | House |
| 14:57 | Build | Blacksmith |
| 15:05 | Build | Market |
| 15:09 | Create | Villager (Male) |
| 15:27 | Create | Villager (Male) |
| 15:28 | Create | Villager (Male) |
| 15:40 | Build | Farm |
| 15:43 | Build | Farm |
| 16:00 | Create | Villager (Male) |
| 16:25 | Create | Villager (Male) |
| 16:33 | Build | Farm |
| 16:35 | Build | Farm |
| 16:38 | Build | Farm |
| 16:44 | Build | Farm |
| 16:53 | Build | Building 673 |
| 17:04 | Build | Mining Camp |
| 17:06 | Create | Villager (Male) |
| 17:06 | Create | Villager (Male) |
| 17:10 | Research | Horse Collar |
| 17:14 | Research | Double-Bit Axe |
| 17:43 | Create | Villager (Male) |
| 17:43 | Create | Villager (Male) |
| 18:42 | Build | Stone Wall |
| 18:52 | Build | Farm |
| 18:56 | Build | Farm |
| 19:00 | Build | Farm |
| 19:02 | Create | Villager (Male) |
| 19:03 | Create | Villager (Male) |
| 19:09 | Build | Mining Camp |
| 19:17 | Build | House |
| 19:19 | Build | House |
| 19:26 | Research | Castle Age |
| 19:49 | Build | Farm |
| 20:06 | Create | Villager (Male) |
| 20:07 | Create | Villager (Male) |
| 21:16 | Create | Villager (Male) |
| 22:13 | Age | Castle Age |
| 22:18 | Build | Barracks |
| 22:46 | Create | Villager (Male) |
| 23:07 | Build | Town Center |
| 23:11 | Create | Villager (Male) |
| 23:34 | Build | Stable |
| 23:39 | Build | House |
| 23:43 | Create | Villager (Male) |
| 23:44 | Create | Villager (Male) |
| 24:07 | Build | Lumber Camp |
| 24:13 | Create | Villager (Male) |
| 24:30 | Research | Heavy Plow |
| 24:43 | Create | Villager (Male) |
| 24:57 | Create | Villager (Male) |
| 25:31 | Build | Town Center |
| 25:38 | Create | Villager (Male) |
| 26:02 | Build | Castle |
| 26:11 | Create | Villager (Male) |
| 26:12 | Create | Villager (Male) |
| 26:13 | Create | Villager (Male) |
| 26:13 | Create | Villager (Male) |
| 26:14 | Create | Villager (Male) |
| 26:18 | Create | Villager (Male) |
| 26:30 | Create | Trade Cart |
| 26:31 | Create | Trade Cart |
| 26:32 | Create | Trade Cart |
| 26:33 | Create | Trade Cart |
| 26:38 | Create | Villager (Male) |
| 26:42 | Create | Villager (Male) |
| 27:02 | Build | House |
| 27:03 | Build | House |
| 27:04 | Build | House |
| 27:16 | Research | Wheelbarrow |
| 27:18 | Research | Town Watch |
| 27:20 | Create | Villager (Male) |
| 27:21 | Create | Villager (Male) |
| 27:26 | Create | Villager (Male) |
| 27:28 | Create | Villager (Male) |
| 27:31 | Create | Villager (Male) |
| 27:48 | Research | Bow Saw |
| 27:53 | Create | Villager (Male) |
| 27:55 | Create | Villager (Male) |
| 28:06 | Research | Bloodlines |
| 28:07 | Research | Husbandry |
| 28:09 | Research | Scale Barding Armor |
| 28:10 | Research | Forging |
| 28:12 | Create | Villager (Male) |
| 28:13 | Create | Villager (Male) |
| 28:15 | Create | Villager (Male) |
| 28:20 | Build | Farm |
| 28:23 | Build | Farm |
| 28:25 | Build | Farm |
| 28:29 | Build | Farm |
| 29:01 | Create | Villager (Male) |
| 29:04 | Create | Villager (Male) |
| 29:05 | Create | Villager (Male) |
Match timeline
| 1:25 | dddddeano · wall_segment Palisade Wall x10 |
| 1:25 | Radamle · wall_segment Palisade Wall x12 |
| 1:43 | dddddeano · wall_segment Palisade Wall x6 |
| 3:31 | Tsukitech · wall_segment Palisade Wall x1 |
| 3:37 | Tsukitech · wall_segment Palisade Wall x15 |
| 4:09 | 喜多川海梦 · wall_segment Palisade Wall x11 |
| 8:15 | 喜多川海梦 · wall_segment Palisade Wall x7 |
| 10:08 | 家恒 · first_building Barracks |
| 11:35 | 家恒 · age_up feudal |
| 12:51 | 喜多川海梦 · first_building Barracks |
| 13:08 | Radamle · age_up feudal |
| 13:23 | Tsukitech · age_up feudal |
| 13:32 | RonCuro · first_building Barracks |
| 13:45 | Maudi · age_up feudal |
| 13:46 | Radamle · wall_segment Stone Wall x12 |
| 14:15 | RonCuro · age_up feudal |
| 14:30 | 喜多川海梦 · age_up feudal |
| 14:37 | 喜多川海梦 · first_building Stable |
| 15:17 | Ruxs · first_building Barracks |
| 16:14 | dddddeano · age_up feudal |
| 16:32 | Ruxs · age_up feudal |
| 16:33 | Maudi · first_building Barracks |
| 18:16 | Maudi · first_building Archery Range |
| 18:41 | Maudi · wall_segment Stone Wall x19 |
| 18:42 | Radamle · wall_segment Stone Wall x15 |
| 19:11 | dddddeano · first_building Barracks |
| 19:17 | 家恒 · age_up castle |
| 19:58 | Maudi · wall_segment Stone Wall x11 |
| 20:13 | dddddeano · first_building Stable |
| 20:32 | Maudi · age_up castle |
| 20:59 | RonCuro · first_building Archery Range |
| 21:04 | RonCuro · first_building Stable |
| 21:28 | Maudi · tribute_sent a jugador 1 |
| 21:28 | Maudi · tribute_sent a jugador 2 |
| 21:28 | Maudi · tribute_sent a jugador 4 |
| 21:28 | Maudi · tribute_sent a jugador 5 |
| 21:28 | Maudi · tribute_sent a jugador 6 |
| 21:28 | Maudi · tribute_sent a jugador 7 |
| 21:28 | Maudi · tribute_sent a jugador 8 |
| 22:13 | Radamle · age_up castle |
| 22:18 | Radamle · first_building Barracks |
| 22:47 | 喜多川海梦 · age_up castle |
| 22:55 | 家恒 · first_building Siege Workshop |
| 23:00 | Ruxs · wall_segment Palisade Wall x17 |
| 23:09 | Maudi · first_building Monastery |
| 23:27 | 家恒 · first_building Castle |
| 23:34 | Radamle · first_building Stable |
| 23:47 | Ruxs · age_up castle |
| 23:49 | dddddeano · age_up castle |
| 24:14 | Tsukitech · age_up castle |
| 24:18 | Tsukitech · first_building Castle |
| 25:10 | 家恒 · first_building Stable |
| 25:36 | 家恒 · first_building Monastery |
| 25:45 | Tsukitech · first_building Siege Workshop |
| 25:46 | Radamle · first_market_sell 100 food |
| 25:49 | Radamle · first_market_buy 100 stone |
| 26:02 | Radamle · first_building Castle |
| 27:14 | Tsukitech · first_building Monastery |
| 27:54 | Ruxs · first_building Monastery |
| 28:21 | Ruxs · first_building Archery Range |
| 29:22 | Maudi · first_building Castle |
| 29:41 | 家恒 · age_up imperial |
| 29:49 | Tsukitech · wall_segment Stone Wall x11 |
| 30:06 | Tsukitech · wall_segment Stone Wall x2 |
| 30:27 | Tsukitech · wall_segment Stone Wall x14 |
| 31:11 | 喜多川海梦 · first_building Castle |
| 31:53 | 喜多川海梦 · first_building Monastery |
| 32:29 | Ruxs · first_building Castle |
| 32:53 | Maudi · first_building Siege Workshop |
| 32:57 | Radamle · age_up imperial |
| 33:18 | Maudi · first_building Stable |
| 33:21 | RonCuro · age_up castle |
| 33:34 | RonCuro · first_building Castle |
| 33:38 | Ruxs · wall_segment Stone Wall x5 |
| 33:58 | Maudi · age_up imperial |
| 34:09 | dddddeano · first_building Castle |
| 34:46 | RonCuro · first_building Monastery |
| 35:39 | RonCuro · first_building Siege Workshop |
| 35:41 | Ruxs · age_up imperial |
| 37:19 | Tsukitech · wall_segment Stone Wall x8 |
| 37:51 | 喜多川海梦 · first_building Archery Range |
| 38:05 | 喜多川海梦 · age_up imperial |
| 38:38 | Tsukitech · age_up imperial |
| 41:03 | dddddeano · age_up imperial |
| 41:11 | Ruxs · first_building Stable |
| 41:51 | Ruxs · first_building Siege Workshop |
| 43:37 | Radamle · first_building Monastery |
| 46:08 | Ruxs · first_market_sell 500 food |
| 47:50 | 家恒 · wall_segment Stone Wall x12 |
| 48:31 | 家恒 · wall_segment Stone Wall x10 |
| 49:13 | 喜多川海梦 · tribute_sent a jugador 1 |
| 49:13 | 喜多川海梦 · tribute_sent a jugador 2 |
| 49:13 | 喜多川海梦 · tribute_sent a jugador 3 |
| 49:13 | 喜多川海梦 · tribute_sent a jugador 4 |
| 49:13 | 喜多川海梦 · tribute_sent a jugador 5 |
| 49:13 | 喜多川海梦 · tribute_sent a jugador 6 |
| 49:13 | 喜多川海梦 · tribute_sent a jugador 7 |
| 49:21 | RonCuro · first_market_buy 100 food |
| 51:19 | RonCuro · age_up imperial |
| 51:23 | 家恒 · resign |
[ AI ANALYSIS · 1 CREDIT ]
What really happened in this match?
Wolo.gg analyzes every decision: build order, eco, micro, common mistakes by bracket. Personalized analysis on WhatsApp or Discord in 30 seconds.
Civ guide
Byzantines
Map guide
Black Forest
Perfil
喜多川海梦